 Dungeon Crawl Stone Soup version 0.31-a0-202-g547052bce9 (webtiles) character file.

Game seed: 14404448665815821025

317 qw the Skirmisher (level 6, -2/34 HPs)
             Began as a Deep Elf Hunter on June 26, 2023.
             Succumbed to a kobold brigand's curare-tipped dart
             ... in a sewer.
             The game lasted 00:00:46 (1918 turns).

qw the Skirmisher (Deep Elf Hunter)                 Turns: 1918, Time: 00:00:47

Health: -2/34      AC: 11    Str: 10    XL:     6   Next: 20%
Magic:  8/8        EV: 11    Int: 14    God:
Gold:   128        SH:  0    Dex: 18    Spells: 5/5 levels left

rFire   . . .        Y - +1 shortbow
rCold   . . .        (shield currently unavailable)
rNeg    . . .        b - +2 ring mail {Will+}
rPois   .            f - +2 hat
rElec   .            l - +0 cloak
rCorr   .            d - +0 pair of gloves
SInv    .            (no boots)
Will    +....        (no amulet)
Stlth   +            (no ring)
HPRegen 0.25/turn    (no ring)
MPRegen 0.11/turn

%: no passive effects
@: lethally poisoned (-2 -> -21), about to teleport, slowed, very slow
A: no striking features
a: no special abilities


You were in a sewer.
You visited 1 branch of the dungeon, and saw 3 of its levels.
You also visited: Sewer.

You collected 128 gold pieces.


   Skills:
 + Level 1.5 Fighting
 - Level 9.8 Ranged Weapons
 - Level 2.7 Dodging
 - Level 1.2 Stealth


You had 5 spell levels left.
You didn't know any spells.
Your spell library was empty.

Inventory:

Hand Weapons
 Y - a +1 shortbow (weapon)
Armour
 b - a +2 ring mail of willpower (worn)
 d - a +0 pair of gloves (worn)
 f - a +2 hat (worn)
 l - a +0 cloak (worn)
Scrolls
 e - a scroll of teleportation
 h - 3 scrolls of identify
Potions
 a - a potion of resistance
 i - a potion of haste
 k - a potion of mutation

Dungeon Overview and Level Annotations

Branches:
Dungeon (3/15)              Sewer (1/1)

Altars:
Uskayaw


Message History

You enter the shallow water.
Moving in this stuff is going to be slow.
You enter the shallow water.
Moving in this stuff is going to be slow.
You enter the shallow water.
Moving in this stuff is going to be slow.
You enter the shallow water.
Moving in this stuff is going to be slow.
You enter the shallow water.
Moving in this stuff is going to be slow.
You enter the shallow water.
Moving in this stuff is going to be slow.
A kobold brigand and a rat come into view.
The kobold brigand is wielding a +0 dagger and quivering curare-tipped darts.
The kobold brigand shouts!
The kobold brigand throws a curare-tipped dart.
The curare-tipped dart hits you.
You are poisoned.
You have difficulty breathing.
You feel yourself slow down.
You shoot an arrow. The arrow closely misses the rat.
Your extra speed is starting to run out.
You feel very sick.
You shoot an arrow.
The arrow hits the kobold brigand but does no damage.
You feel very sick.
You shoot an arrow. The arrow barely misses the rat.
You feel sick.
The kobold brigand throws a curare-tipped dart.
The curare-tipped dart hits you.
You are lethally poisoned!
You have difficulty breathing.
You feel as though you will be slow longer.
You shoot an arrow. The arrow hits the rat!
You kill the rat!
You feel very sick.
1918 ||| READING 2 scrolls of teleportation.
As you read the scroll of teleportation, it crumbles to dust.
You feel strangely unstable.
You feel yourself slow down.
You die...

~.~.~##.~~.# ...~....~.#
.~~~~.~~~# ...~..~~~#
.\~..~.~~# ..~.~..~~#
.....~.~~## ###
.~.~~~.~..## #####~~K~.
~~..~##.~~.####~@.~~#
~~..####.~~.~.~~###~~~~.
~..~# #.~~~~~.~# ###
~.~~~ ##~.~~.~~###~~~~
.~~.~. #######~~~~~#
###.~.~ #####~~~~ ##


You could see a kobold brigand.

Vanquished Creatures
  Sigmund (D:3)
  An ogre (D:3)
  An adder (D:3)
  A worm (D:3)
  4 dart slugs
  4 orcs (D:3)
  A ball python (D:1)
  3 endoplasms
  3 giant cockroaches (D:3)
  7 goblins
  4 hobgoblins
  4 kobolds
  3 quokkas
  3 bats
  A frilled lizard (D:3)
  4 rats
45 creatures vanquished.

Notes
Turn   | Place    | Note
-------+----------+-------------------------------------------
     0 | D:1      | qw the Deep Elf Hunter began the quest for the Orb.
     0 | D:1      | Reached XP level 1. HP: 12/12 MP: 3/3
     0 | D:1      | 0 ||| qw: Version: 0.3-a-22-g0ed2b0b
     0 | D:1      | 0 ||| qw: Game counter: 6168
     0 | D:1      | 0 ||| qw: Melee chars always use a shield: true
     0 | D:1      | 0 ||| qw: God list: Okawaru
     0 | D:1      | 0 ||| qw: Allow faded altars: false
     0 | D:1      | 0 ||| qw: Do Orc after clearing Dungeon:15 true
     0 | D:1      | 0 ||| qw: Do second Lair branch before Depths: true
     0 | D:1      | 0 ||| qw: Lair rune preference: random
     0 | D:1      | 0 ||| qw: Goals: Normal
     0 | D:1      | 0 ||| PLANNING D:1-11
   130 | D:1      | Reached XP level 2. HP: 16/16 MP: 4/4
   141 | D:1      | Reached skill level 6 in Ranged Weapons
   639 | D:1      | 639 ||| FLEEEEING.
   716 | D:1      | 716 ||| UPGRADING to +0 pair of gloves.
   721 | D:1      | 721 ||| READING scroll labelled IROHUHIO OKLO.
   722 | D:1      | 722 ||| READING scroll labelled NUSYON COSAW.
   723 | D:1      | 723 ||| READING scroll labelled GEIQEI MEEDD.
   724 | D:1      | 724 ||| READING scroll labelled TUTZAKK LUODESH.
   725 | D:1      | 725 ||| READING scroll labelled DAUSEESOHO.
   726 | D:1      | 726 ||| READING scroll labelled EGAPIMPU JUIWN.
   827 | D:1      | 827 ||| DROPPING scroll of butterflies.
   894 | D:2      | Found a hide-covered altar of Uskayaw.
   969 | D:2      | Reached XP level 3. HP: 9/20 MP: 5/5
  1485 | D:2      | 1485 ||| UPGRADING to +2 hat.
  1490 | D:2      | 1490 ||| DROPPING ring of magical power.
  1491 | D:2      | 1491 ||| READING scroll labelled YFIEDE FESTRO.
  1492 | D:2      | 1492 ||| READING 2 scrolls labelled PIYMIN QAXZO.
  1507 | D:3      | 1507 ||| PLANNING SEWER
  1510 | D:3      | Noticed an ogre
  1518 | D:3      | Killed an ogre
  1519 | D:3      | Reached skill level 8 in Ranged Weapons
  1519 | D:3      | Reached XP level 4. HP: 25/25 MP: 6/6
  1535 | D:3      | 1535 ||| FLEEEEING.
  1536 | D:3      | 1536 ||| FLEEEEING.
  1537 | D:3      | 1537 ||| FLEEEEING.
  1538 | D:3      | 1538 ||| FLEEEEING.
  1539 | D:3      | 1539 ||| FLEEEEING.
  1540 | D:3      | 1540 ||| FLEEEEING.
  1541 | D:3      | 1541 ||| FLEEEEING.
  1542 | D:3      | 1542 ||| FLEEEEING.
  1543 | D:3      | 1543 ||| STAIRDANCE
  1572 | D:3      | Reached XP level 5. HP: 29/29 MP: 7/7
  1626 | D:3      | Noticed Sigmund
  1633 | D:3      | Killed Sigmund
  1634 | D:3      | Reached skill level 9 in Ranged Weapons
  1634 | D:3      | Reached XP level 6. HP: 34/34 MP: 8/8
  1680 | D:3      | 1680 ||| Stepping ~*~*~tactically~*~*~ (water).
  1839 | D:3      | Found a glowing drain.
  1855 | D:3      | 1855 ||| UPGRADING to +2 ring mail of willpower.
  1865 | D:3      | 1865 ||| DROPPING +0 leather armour.
  1866 | D:3      | 1866 ||| UPGRADING to +0 cloak.
  1871 | D:3      | 1871 ||| DRINKING 2 sapphire potions.
  1872 | D:3      | 1872 ||| READING 7 scrolls of identify.
  1872 | D:3      | 1872 ||| IDENTIFYING silvery potion
  1873 | D:3      | 1873 ||| READING 6 scrolls of identify.
  1873 | D:3      | 1873 ||| IDENTIFYING ruby potion
  1874 | D:3      | 1874 ||| READING 5 scrolls of identify.
  1874 | D:3      | 1874 ||| IDENTIFYING bubbling blue potion
  1875 | D:3      | 1875 ||| READING 4 scrolls of identify.
  1875 | D:3      | 1875 ||| IDENTIFYING amethyst potion
  1876 | D:3      | 1876 ||| DROPPING potion of lignification.
  1877 | D:3      | 1877 ||| DROPPING potion of magic.
  1884 | Sewer    | Entered a sewer
  1917 | Sewer    | HP: 3/34 [poisoned by a kobold brigand (curare-tipped
                  | dart)]
  1918 | Sewer    | 1918 ||| READING 2 scrolls of teleportation.
  1918 | Sewer    | Succumbed to a kobold brigand's curare-tipped dart

Levels and vault maps discovered:
D:1:      denvon_arrival_planthouse, layout_loops_ring, minmay_tetromino_s2
D:2:      layout_loops_cross, basic_altar, serial_glass, glass_columns_c,
          glass_columns_a
D:3:      layout_rooms, gup_sewer_entry_pipe, minmay_cut_off, uniq_sigmund
Sewer:    sewer_co_tree

Skill      XL: |  1  2  3  4  5 |
---------------+----------------+-----
Ranged Weapons | 6 8 9 |  9.8
Fighting       | |  1.5
Dodging        | |  2.7
Stealth        | |  1.2

Action                     |  1- 3 |  4- 6 || total
---------------------------+-------+-------++-------
   Fire: Shortbow          |    91 |    69 ||   160
    Use: Scroll            |     8 |     5 ||    13
         Potion            |       |     1 ||     1
 Armour: Leather armour    |     2 |     6 ||     8
  Dodge: Dodged            |    14 |    11 ||    25

Table legend:
 A = Non-vault XP
 B = Vault XP
 C = Vault XP percentage of total XP
 D = Non-vault monster count
 E = Vault monster count
 F = Vault count percentage of total count
                 A         B        C        D         E       F
            +---------+---------+-------+---------+---------+-------
      Total |     214 |     239 |  52.8 |      37 |       8 |  17.8
            +---------+---------+-------+---------+---------+-------
        D:1 |      31 |       4 |  11.4 |      14 |       2 |  12.5
        D:2 |      13 |       0 |   0.0 |       7 |       0 |   0.0
        D:3 |     170 |     234 |  57.9 |      16 |       5 |  23.8
      Sewer |       0 |       1 | 100.0 |       0 |       1 | 100.0
            +---------+---------+-------+---------+---------+-------
